 Dungeon Crawl Stone Soup version 0.28-a0-915-gcd63401287 (webtiles) character file.

Game seed: 8376246256206570663

109 kae the Ruffian (level 4, 0/36 HPs)
             Began as a Draconian Transmuter on Nov 25, 2021.
             Slain by an iguana (3 damage)
             ... on level 3 of the Dungeon.
             The game lasted 00:00:58 (3227 turns).

kae the Ruffian (Draconian Transmuter)              Turns: 3227, Time: 00:00:59

Health: 0/36       AC:  5    Str: 13    XL:     4   Next: 59%
Magic:  6/7        EV: 12    Int: 14    God:
Gold:   84         SH:  0    Dex: 11    Spells: 3/7 levels left

rFire   . . .      SeeInvis .     - Unarmed
rCold   . . .      Faith    .   (no shield)
rNeg    . . .      Spirit   .   (armour unavailable)
rPois   .          Reflect  .   (helmet currently unavailable)
rElec   .          Harm     .   (no cloak)
rCorr   .          Rampage  .   (no gloves)
Will    .....                   (boots currently unavailable)
Stlth   +.........              (no amulet)
HPRegen 0.12/turn               (no ring)
MPRegen 0.10/turn               (no ring)

@: appendages
A: horns 2, talons 2, AC +5, unfitting armour, cold-blooded
a: End Transformation


You were on level 3 of the Dungeon.
You had temporarily grown beastly horns and talons.
You visited 1 branch of the dungeon, and saw 3 of its levels.

You collected 84 gold pieces.

Inventory:

Armour
 a - a +0 pair of boots (melded)
Scrolls
 b - a scroll of teleportation
Potions
 c - a potion of flight {unknown}
 d - 2 potions of cancellation {unknown}


   Skills:
 + Level 2.0 Fighting
 + Level 2.2 Dodging
 * Level 3.8 Unarmed Combat
 + Level 2.4 Spellcasting
 * Level 3.1 Transmutations


You had 3 spell levels left.
You knew the following spells:

 Your Spells              Type           Power      Damage    Failure   Level
a - Beastly Appendage     Tmut           20%        N/A       6%          1
b - Spider Form           Tmut/Pois      6%         N/A       34%         3

Your spell library contained the following spells:

 Spells                   Type           Power      Damage    Failure   Level
 Wereblood                Tmut           10%        N/A       10%         2
 Shock                    Conj/Air       4%         1d3       22%         1
 Slow                     Hex            4%         N/A       22%         1
 Ignite Poison            Fire/Tmut/Pois 4%         N/A       41%         3
 Confusing Touch          Hex            1%         N/A       56%         3
 Conjure Flame            Conj/Fire      1%         6-21      56%         3
 Swiftness                Air            1%         N/A       56%         3
 Vampiric Draining        Necr           1%         2d6       56%         3
 Ice Form                 Ice/Tmut       6%         N/A       75%         4
 Airstrike                Air            0%         N/A       92%         4
 Sticky Flame             Conj/Fire      1%         2d3       92%         4


Dungeon Overview and Level Annotations

Branches:
Dungeon (3/15)

Altars:


Innate Abilities, Weirdness & Mutations

You have temporarily grown beastly horns and talons.
Your plain brown scales are hard. (AC +5)
You cannot fit into any form of body armour.
You are cold-blooded and may be slowed by cold attacks.


Message History

The ball python grabs you. The ball python constricts you.
You hit the ball python but do no damage.
You tail-slap the ball python.
The ball python is moderately wounded.
The ball python bites you but does no damage.
The ball python constricts you.
A ball python is nearby!
You hit the ball python.
You kill the ball python!
No target in view!
Key pressed, stopping explore.
Casting: Beastly Appendage (safe; 6% risk of failure)
Confirm with . or Enter, or press ? or * to list all spells.
You miscast Beastly Appendage.
You are very lightly contaminated with residual magic.
Nothing appears to happen.
No target in view!
No target in view!
Your magical contamination has completely faded away.
Found a stone staircase leading up.
No target in view!
No target in view!
Found 25 arrows.
An iguana comes into view.
The iguana hisses angrily.
You hit the iguana.
The iguana is lightly wounded.
The iguana bites you!
You hit the iguana.
The iguana is heavily wounded.
The iguana bites you!
An iguana is nearby!
Casting: Beastly Appendage (safe; 6% risk of failure)
Confirm with . or Enter, or press ? or * to list all spells.
You grow a pair of large bovine horns.
Your feet morph into talons.
Your +0 pair of boots melds into your body.
The iguana bites you!
* * * LOW HITPOINT WARNING * * *
The iguana bites you.
You die...

........................
#######.###.......#.....
#.# #.......######
#.###.......#
#.##........#
#.##........#
#.##........#
#.##...###### #@##...###
......l.#......#
........#......#
......######...# .....#
#...# .#### #...# #####


You could see an iguana.

Vanquished Creatures
  4 adders
  2 worms (D:2)
  4 dart slugs
  6 bats
  8 endoplasms
  4 giant cockroaches
  5 goblins
  4 hobgoblins
  3 quokkas
  3 ball pythons
  2 frilled lizards (D:1)
  6 kobolds
  6 rats
57 creatures vanquished.

Notes
Turn   | Place    | Note
-------+----------+-------------------------------------------
     0 | D:1      | kae the Draconian Transmuter began the quest for the Orb.
     0 | D:1      | Reached XP level 1. HP: 16/16 MP: 3/3
   266 | D:1      | Reached XP level 2. HP: 21/23 MP: 3/5
   697 | D:1      | Reached XP level 3. HP: 27/28 MP: 4/6
   701 | D:1      | Learned a level 3 spell: Spider Form
  2523 | D:2      | Reached XP level 4. HP: 27/36 MP: 5/7
  3227 | D:3      | Slain by an iguana

Illustrated notes

Levels and vault maps discovered:
D:1:      dpeg_arrival_more_subterranean_lakeside_camping, layout_basic,
          minmay_heptomino_w4
D:2:      layout_loops_corners
D:3:      layout_basic, biasface_ghost_orc_armoury,
          chequers_serial_rivers_large_b

Skill      XL: |  1  2  3  4 |
---------------+-------------+-----
Dodging        | 2 |  2.2
Transmutations | 3 |  3.1
Fighting       | 2 |  2.0
Unarmed Combat | |  3.8
Spellcasting   | |  2.4

Action                   |  1- 3 |  4- 6 || total
-------------------------+-------+-------++-------
Melee: Unarmed           |   142 |    37 ||   179
       Kick              |    19 |     7 ||    26
       Headbutt          |    10 |     4 ||    14
       Tailslap          |     7 |     2 ||     9
       Punch             |     1 |     1 ||     2
 Cast: Beastly Appendage |    32 |     8 ||    40
  Use: Scroll            |     1 |     1 ||     2
 Stab: Sleeping          |     2 |       ||     2
Armor: Skin              |    45 |    12 ||    57
Dodge: Dodged            |   102 |    15 ||   117

Table legend: (Time is in decaauts)
 A = Elapsed time spent in this place.
 B = Non-inter-level travel time spent in this place.
 C = Inter-level travel time spent in this place.
 D = Time resting spent in this place.
 E = Time spent auto-exploring this place.
 F = Levels seen in this place.
 G = Mean time per level.
                   A        B        C        D        E       F      G
               +--------+--------+--------+--------+--------+-----+--------+
         Total |   3218 |   3178 |     40 |     26 |   2697 |   3 | 1072.7 |
       Dungeon |   3218 |   3178 |     40 |     26 |   2697 |   3 | 1072.7 |
               +--------+--------+--------+--------+--------+-----+--------+

Top non-repeatable levels by time:
     D:2: 1527 daAuts
     D:1: 1415 daAuts
     D:3: 274 daAuts
